 Dungeon Crawl Stone Soup version 0.17-a0-2127-g1cb09f6 (webtiles) character file.

24 M4edhros the Charlatan (level 3, 0/34 HPs)
             Began as an Octopode Artificer on Oct 24, 2015.
             Succumbed to an adder's poison
             ... on level 2 of the Dungeon.
             The game lasted 00:00:43 (456 turns).

M4edhros the Charlatan (Octopode Artificer)          Turns: 456, Time: 00:00:43

Health: 0/34       AC: 21    Str: 10    XL:     3   Next: 2%
Magic:  6/6        EV:  2    Int: 14    God:
Gold:   44         SH:  4    Dex: 13    Spells: 0 memorised, 2 levels left

rFire  . . .     SeeInvis .     a - +0 short sword
rCold  . . .     Clarity  .     i - +0 buckler
rNeg   + + +     SustAt   .     (helmet currently unavailable)
rPois  +         Gourm    .     (no amulet)
rElec  .         Spirit   .     (no ring)
rCorr  .         Warding  .     (no ring)
rMut   .         NoTele   +     (no ring)
MR     .....                    (no ring)
Stlth  ++........               (no ring)
                                (no ring)
                                (no ring)
                                (no ring)

@: lethally poisoned (0 -> -5), tree-form, not resistant to hostile
enchantments, unstealthy
A: almost no armour, amphibious, 8 rings, (constrict 8), (camouflage 0),
(gelatinous body 0)
a: no special abilities


You were on level 2 of the Dungeon.
You were not hungry.
You were a tree.
You visited 1 branch of the dungeon, and saw 2 of its levels.

You collected 44 gold pieces.

Inventory:

Hand Weapons
 a - a +0 short sword (weapon)
Armour
 i - a +0 buckler (worn)
Wands
 b - a wand of flame (14)
 c - a wand of enslavement (15)
 d - a wand of random effects (14)
Scrolls
 f - 2 scrolls of recharging {unknown}
 g - a scroll of magic mapping {unknown}
 h - a scroll of enchant armour {unknown}
 k - a scroll of remove curse {unknown}
 l - a scroll of identify {unknown}
 m - a scroll of teleportation {unknown}
Comestibles
 e - 2 bread rations


   Skills:
 - Level 1.0 Fighting
 - Level 1.0 Short Blades
 - Level 2.0 Dodging
 - Level 1.3 Stealth
 + Level 1.1 Shields
 + Level 4.2 Evocations


You had 2 spell levels left.
You didn't know any spells.

Dungeon Overview and Level Annotations

Branches:
Dungeon (2/15)

Altars:
The Shining One


Innate Abilities, Weirdness & Mutations

You cannot wear most types of armour.
You are amphibious.
You can wear up to eight rings at the same time.
((You can use your tentacles to constrict eight enemies at once.))
((Your skin changes colour to match your surroundings (Stealth).))
((Your rubbery body absorbs attacks (AC +1).))


Message History

Aim: an adder (severely wounded, constricted by you, slow, chance to defeat MR: 63%)
Okay, then.
Evoke which item? (* to show all) (? for menu, Esc to quit)
Zapping:
b - a wand of flame (15)
Press: ? - help, Shift-Dir - straight line, f/p - adder
Aim: an adder (severely wounded, constricted by you, slow)
The puff of flame hits the adder.
You kill the adder!
Your Shields skill increases to level 1!
You have reached level 3!
Your experience leads to an increase in your attributes!
Increase (S)trength, (I)ntelligence, or (D)exterity?
You feel agile.
This wand has 14 charges left.
* * * LOW HITPOINT WARNING * * *
You feel sick.
Drink which item? (? for menu, Esc to quit)
It was a potion of lignification.
You turn into a tree.
Your roots penetrate the ground.
You die...

#####......
.........
#.......#
####.......#
...........+
......†....## #
..........(.#.#
..............#
..........♣####
#+###..'#.......#
##..#########
#...# ......#.##
......#..##
#....###..##
#...##.##..##
#..##...##..##


There were no monsters in sight!

Vanquished Creatures
  An adder (D:2)
  2 giant geckos (D:1)
  A bat (D:1)
  A giant cockroach (D:1)
  2 hobgoblins (D:1)
  A quokka (D:2)
  A goblin (D:1)
  2 kobolds (D:1)
  2 rats
13 creatures vanquished.

Notes
Turn   | Place    | Note
--------------------------------------------------------------
     0 | D:1      | M4edhros the Octopode Artificer began the quest for the Orb.
     0 | D:1      | Reached XP level 1. HP: 13/13 MP: 3/3
    99 | D:1      | Reached XP level 2. HP: 11/18 MP: 4/4
   211 | D:1      | Reached skill level 4 in Evocations
   422 | D:2      | Found a glowing golden altar of the Shining One.
   454 | D:2      | Reached skill level 1 in Shields
   454 | D:2      | Reached XP level 3. HP: 2/23 MP: 6/6
   454 | D:2      | HP: 1/23 [poisoned by an adder]
   456 | D:2      | Succumbed to an adder's poison

Vault maps used:
D:1:      elethiomel_arrival_fortress_basement
D:2:      amethyst_overflow_temple_binary, hangedman_decor_peaks_small,
          tso_metal_star, uniq_iyjb

Action                   || total
-------------------------++-------
Melee: Short sword       ||    29
Evoke: Wand              ||     2
  Use: Potion            ||     1
 Stab: Sleeping          ||     6
